GCL
ATLANTA (GCL) BRAVES @ BOSTON (GCL) RED SOX
07/22/2099
 
TOP OF THE 1ST
Atlanta (GCL) Braves batting - Pitching for Boston (GCL) Red Sox : RHP Ricardo Gutierrez
Pitching: RHP Ricardo Gutierrez
Batting: LHB Ramon Aguilar 0-0: Called Strike
0-1: Foul Ball, location: 7LSF
0-2: Ball
1-2: Ball
2-2: Foul Ball, location: 23FF
2-2: Ground out 6-3 (Groundball, 6M, EV 91.3 MPH)
Batting: RHB Chris Bjork 0-0: Called Strike
0-1: Ball
1-1: DOUBLE (Line Drive, 89M, EV 105.0 MPH)
Batting: LHB Greg Sweeney 0-0: Ball
1-0: Ball
2-0: Ball
3-0: Called Strike
3-1: Base on Balls
Batting: RHB Chris Barteck 0-0: Ball
1-0: Ball
2-0: Swinging Strike
2-1: Ball
Wild Pitch!
Chris Bjork to third
Greg Sweeney to second
3-1: Called Strike
3-2: Fly out, F7 (Flyball, 7LM, EV 85.6 MPH)
Runner from 3rd tags up, SCORES, no throw by LF
Batting: RHB Phil Eagles 0-0: Foul Ball, location: 9LMF
0-1: Ball
1-1: Swinging Strike
1-2: Strikes out swinging
Top of the 1st over - 1 run, 1 hit, 0 errors, 1 left on base; Atlanta (GCL) 1 - Boston (GCL) 0
BOTTOM OF THE 1ST
Boston (GCL) Red Sox batting - Pitching for Atlanta (GCL) Braves : LHP Alex Rodriguez
Pitching: LHP Alex Rodriguez
Batting: RHB Joel Bothun 0-0: Called Strike
0-1: Ball
1-1: Swinging Strike
1-2: Foul Ball, location: 2LF
1-2: Strikes out swinging
Batting: RHB Shiro Ikeda 0-0: Ball
1-0: Ball
2-0: Called Strike
2-1: Called Strike
2-2: Strikes out looking
Batting: RHB Chris Holmes 0-0: Ball
1-0: Called Strike
1-1: Foul Ball, location: 2F
1-2: Strikes out swinging
Bottom of the 1st over - 0 runs, 0 hits, 0 errors, 0 left on base; Atlanta (GCL) 1 - Boston (GCL) 0
TOP OF THE 2ND
Atlanta (GCL) Braves batting - Pitching for Boston (GCL) Red Sox : RHP Ricardo Gutierrez
Batting: RHB Aiden Matthews 0-0: Called Strike
0-1: Ball
1-1: Ball
2-1: Foul Ball, location: 2F
2-2: Ball
3-2: Base on Balls
Batting: LHB Dave Acevedo 0-0: Bunt missed!
0-1: Ball
1-1: Sac Bunt to 15 - play at second, runner OUT! 1-6
Batting: RHB Diego Gallegos 0-0: Ball
1-0: Ball
2-0: Grounds into double play, 4-6-3 (Groundball, 4, EV 83.1 MPH)
Top of the 2nd over - 0 runs, 0 hits, 0 errors, 0 left on base; Atlanta (GCL) 1 - Boston (GCL) 0
BOTTOM OF THE 2ND
Boston (GCL) Red Sox batting - Pitching for Atlanta (GCL) Braves : LHP Alex Rodriguez
Batting: RHB Silvério Lorme 0-0: Ball
1-0: Ball
2-0: Called Strike
2-1: Called Strike
2-2: Strikes out looking
Batting: SHB Jason Keating 0-0: Ball
1-0: Ball
2-0: Called Strike
2-1: Foul Ball, location: 2LF
2-2: Ground out U3 (Groundball, 3, EV 86.9 MPH)
Batting: RHB Matt Borkholder 0-0: Ball
1-0: Called Strike
1-1: DOUBLE (Flyball, 9LD, EV 111.3 MPH)
Batting: LHB Wil Valenzuela 0-0: Called Strike
0-1: Ball
1-1: Ball
2-1: Ball
3-1: Base on Balls
Pitching: LHP Rene van den Nieuwenhuijzen
Batting: RHB Jarred Slaughter 0-0: Ball
1-0: Called Strike
1-1: Ground out 5-3 (Groundball, 56S, EV 80.6 MPH)
Bottom of the 2nd over - 0 runs, 1 hit, 0 errors, 2 left on base; Atlanta (GCL) 1 - Boston (GCL) 0
TOP OF THE 3RD
Atlanta (GCL) Braves batting - Pitching for Boston (GCL) Red Sox : RHP Ricardo Gutierrez
Batting: LHB Pedro Balenzuela 0-0: Ball
1-0: Ball
2-0: Ground out U3 (Groundball, 3, EV 91.9 MPH)
Batting: LHB Ramon Aguilar 0-0: Foul Ball, location: 2F
0-1: Ball
1-1: Ball
2-1: Called Strike
2-2: Ball
3-2: Strikes out looking
Batting: RHB Chris Bjork 0-0: Ball
1-0: Foul Ball, location: 3FF
1-1: Swinging Strike
1-2: Strikes out swinging, 2-3 out at first.
Top of the 3rd over - 0 runs, 0 hits, 0 errors, 0 left on base; Atlanta (GCL) 1 - Boston (GCL) 0
BOTTOM OF THE 3RD
Boston (GCL) Red Sox batting - Pitching for Atlanta (GCL) Braves : LHP Rene van den Nieuwenhuijzen
Batting: LHB Rico Flores 0-0: Ball
1-0: Fly out, F8 (Flyball, 8LD, EV 101.3 MPH)
Batting: RHB Joel Bothun 0-0: Ball
1-0: Called Strike
1-1: Ball
2-1: Swinging Strike
2-2: Ball
3-2: Strikes out swinging
Batting: RHB Shiro Ikeda 0-0: Foul Ball, location: 7LSF
0-1: Swinging Strike
0-2: Strikes out looking
Bottom of the 3rd over - 0 runs, 0 hits, 0 errors, 0 left on base; Atlanta (GCL) 1 - Boston (GCL) 0
TOP OF THE 4TH
Atlanta (GCL) Braves batting - Pitching for Boston (GCL) Red Sox : RHP Ricardo Gutierrez
Batting: LHB Greg Sweeney 0-0: SINGLE (Flyball, 8RS, EV 86.9 MPH)
Batting: RHB Chris Barteck 0-0: Ball
1-0: Foul Ball, location: 9LSF
1-1: Ball
2-1: Foul Ball, location: 2RF
2-2: Fly out, F8 (Line Drive, 8LD, EV 96.3 MPH)
Batting: RHB Phil Eagles 0-0: Foul Ball, location: 2F
0-1: Swinging Strike
0-2: Ball
1-2: Foul Ball, location: 3SF
1-2: Ball
2-2: Foul Ball, location: 5DF
2-2: Strikes out swinging
Batting: RHB Aiden Matthews 0-0: Called Strike
0-1: Ball
1-1: Ball
2-1: Fly out, F8 (Flyball, 8LM, EV 83.1 MPH)
Top of the 4th over - 0 runs, 1 hit, 0 errors, 1 left on base; Atlanta (GCL) 1 - Boston (GCL) 0
BOTTOM OF THE 4TH
Boston (GCL) Red Sox batting - Pitching for Atlanta (GCL) Braves : LHP Rene van den Nieuwenhuijzen
Batting: RHB Chris Holmes 0-0: Called Strike
0-1: Ball
1-1: Called Strike
1-2: Foul Ball, location: 9LDF
1-2: Strikes out swinging
Batting: RHB Silvério Lorme 0-0: Foul Ball, location: 9LMF
0-1: Ball
1-1: Ball
2-1: SINGLE (Line Drive, 9S, EV 107.5 MPH)
Batting: SHB Jason Keating 0-0: Ball
Wild Pitch!
Silvério Lorme to second
1-0: Fly out, F6 (Line Drive, 6, EV 68.8 MPH)
Batting: RHB Matt Borkholder 0-0: Called Strike
0-1: Called Strike
0-2: Fly out, F8 (Flyball, 8RXD, EV 80.6 MPH)
Bottom of the 4th over - 0 runs, 1 hit, 0 errors, 1 left on base; Atlanta (GCL) 1 - Boston (GCL) 0
TOP OF THE 5TH
Atlanta (GCL) Braves batting - Pitching for Boston (GCL) Red Sox : RHP Ricardo Gutierrez
Batting: LHB Dave Acevedo 0-0: Called Strike
0-1: Foul Ball, location: 2F
0-2: Ball
1-2: Strikes out swinging
Batting: RHB Diego Gallegos 0-0: Ball
1-0: Fly out, F5 (Popup, 5SF, EV 80.6 MPH)
Batting: LHB Pedro Balenzuela 0-0: Ball
1-0: DOUBLE (Line Drive, 7LS, EV 94.4 MPH)
Pitching: RHP Manny Balli
Batting: LHB Ramon Aguilar 0-0: Called Strike
0-1: Ball
1-1: Foul Ball, location: 2RF
1-2: Strikes out swinging
Top of the 5th over - 0 runs, 1 hit, 0 errors, 1 left on base; Atlanta (GCL) 1 - Boston (GCL) 0
BOTTOM OF THE 5TH
Boston (GCL) Red Sox batting - Pitching for Atlanta (GCL) Braves : LHP Rene van den Nieuwenhuijzen
Batting: LHB Wil Valenzuela 0-0: Called Strike
0-1: Swinging Strike
0-2: Strikes out swinging
Batting: RHB Jarred Slaughter 0-0: Ball
1-0: Ball
2-0: Foul Ball, location: 2F
2-1: Foul Ball, location: 3F
2-2: Ball
3-2: Base on Balls
Batting: LHB Rico Flores 0-0: Ball
1-0: Called Strike
1-1: Ball
2-1: Foul Ball, location: 25FF
2-2: Strikes out swinging
Batting: RHB Joel Bothun 0-0: Ball
1-0: Ball
2-0: Called Strike
2-1: SINGLE (Line Drive, 89S, EV 91.3 MPH)
Jarred Slaughter to second
Runner from 2nd tries for 3rd, SAFE, no throw by CF
Batting: RHB Shiro Ikeda 0-0: Called Strike
0-1: Foul Ball, location: 7LSF
0-2: Foul Ball, location: 5F
0-2: Ball
1-2: Ball
2-2: Ball
3-2: Foul Ball, location: 2F
3-2: Fly out, F3 (Popup, 34S, EV 82.5 MPH)
Bottom of the 5th over - 0 runs, 1 hit, 0 errors, 2 left on base; Atlanta (GCL) 1 - Boston (GCL) 0
TOP OF THE 6TH
Atlanta (GCL) Braves batting - Pitching for Boston (GCL) Red Sox : RHP Manny Balli
Batting: RHB Chris Bjork 0-0: Swinging Strike
0-1: Ball
1-1: Swinging Strike
1-2: Foul Ball, location: 2F
1-2: Ground out 4-3 (Groundball, 4, EV 86.3 MPH)
Batting: LHB Greg Sweeney 0-0: Called Strike
0-1: Ball
1-1: Foul Ball, location: 23FF
1-2: Foul Ball, location: 5FF
1-2: Ball
2-2: Ball
3-2: Foul Ball, location: 7LDF
3-2: Foul Ball, location: 2F
3-2: Fly out, F3 (Line Drive, 3L, EV 75.0 MPH)
Batting: RHB Chris Barteck 0-0: Called Strike
0-1: Swinging Strike
0-2: Ball
1-2: Foul Ball, location: 2F
1-2: Foul Ball, location: 2F
1-2: Ball
2-2: Foul Ball, location: 7LDF
2-2: Foul Ball, location: 2F
2-2: Strikes out swinging
Top of the 6th over - 0 runs, 0 hits, 0 errors, 0 left on base; Atlanta (GCL) 1 - Boston (GCL) 0
BOTTOM OF THE 6TH
Boston (GCL) Red Sox batting - Pitching for Atlanta (GCL) Braves : LHP Rene van den Nieuwenhuijzen
Batting: RHB Chris Holmes 0-0: Called Strike
0-1: Ball
1-1: Ball
2-1: Fly out, F7 (Line Drive, 7LM, EV 93.1 MPH)
Batting: RHB Silvério Lorme 0-0: Called Strike
0-1: Ball
1-1: Ground out U3 (Groundball, 34, EV 78.8 MPH)
Batting: SHB Jason Keating 0-0: Called Strike
0-1: Fly out, F9 (Flyball, 9LM, EV 110.6 MPH)
Bottom of the 6th over - 0 runs, 0 hits, 0 errors, 0 left on base; Atlanta (GCL) 1 - Boston (GCL) 0
TOP OF THE 7TH
Atlanta (GCL) Braves batting - Pitching for Boston (GCL) Red Sox : RHP Manny Balli
Batting: RHB Phil Eagles 0-0: Swinging Strike
0-1: SINGLE (Groundball, 4D, EV 103.8 MPH)
Batting: RHB Aiden Matthews 0-0: Foul Ball, location: 5F
0-1: Ball
1-1: Ball
2-1: Ball
3-1: SINGLE (Line Drive, 78S, EV 88.1 MPH)
Phil Eagles to second
Batting: LHB Dave Acevedo 0-0: Bunt missed!
0-1: Ball
1-1: Sac Bunt to 13S - play at first, batter OUT! 1-4
Phil Eagles to third
Aiden Matthews to second
Batting: RHB Diego Gallegos 0-0: Intentional Walk
Batting: LHB Pedro Balenzuela 0-0: Called Strike
0-1: Ball
1-1: SINGLE (Flyball, 78S, EV 88.1 MPH)
Phil Eagles scores
Aiden Matthews to third
Diego Gallegos to second
Batting: LHB Ramon Aguilar 0-0: Ball
1-0: Called Strike
1-1: Called Strike
1-2: Strikes out swinging
Batting: RHB Chris Bjork 0-0: Ball
1-0: Swinging Strike
1-1: Foul Ball, location: 25F
1-2: Foul Ball, location: 9LSF
1-2: Ball
2-2: Ball
3-2: Strikes out swinging
Top of the 7th over - 1 run, 3 hits, 0 errors, 3 left on base; Atlanta (GCL) 2 - Boston (GCL) 0
BOTTOM OF THE 7TH
Boston (GCL) Red Sox batting - Pitching for Atlanta (GCL) Braves : LHP Rene van den Nieuwenhuijzen
Batting: RHB Matt Borkholder 0-0: Called Strike
0-1: Foul Ball, location: 2F
0-2: Ball
1-2: Strikes out swinging
Batting: LHB Wil Valenzuela 0-0: Ball
1-0: Ball
2-0: Called Strike
2-1: Ground out 6-3 (Groundball, 6, EV 81.9 MPH)
Batting: RHB Jarred Slaughter 0-0: SINGLE (Line Drive, 6MD, EV 105.6 MPH)
Batting: LHB Rico Flores 0-0: Foul Ball, location: 2F
0-1: Foul Ball, location: 2F
0-2: SINGLE (Groundball, 56D, EV 95.0 MPH)
Jarred Slaughter to second
Batting: RHB Joel Bothun 0-0: Foul Ball, location: 9LMF
0-1: Fly out, F9 (Flyball, 9, EV 94.4 MPH)
Bottom of the 7th over - 0 runs, 2 hits, 0 errors, 2 left on base; Atlanta (GCL) 2 - Boston (GCL) 0
TOP OF THE 8TH
Atlanta (GCL) Braves batting - Pitching for Boston (GCL) Red Sox : RHP Manny Balli
Pitching: LHP Juan Lung
Batting: LHB Greg Sweeney 0-0: Ball
1-0: Ground out 4-3 (Groundball, 4, EV 95.6 MPH)
Batting: RHB Chris Barteck 0-0: Called Strike
0-1: DOUBLE (Flyball, 8LXD, EV 112.5 MPH)
Batting: RHB Phil Eagles 0-0: Ball
1-0: Ball
2-0: Called Strike
2-1: Swinging Strike
2-2: Strikes out swinging
Batting: RHB Aiden Matthews 0-0: Foul Ball, location: 2F
0-1: Ball
1-1: Ball
2-1: Foul Ball, location: 7LMF
2-2: Ground out 6-3 (Groundball, 6, EV 99.4 MPH)
Top of the 8th over - 0 runs, 1 hit, 0 errors, 1 left on base; Atlanta (GCL) 2 - Boston (GCL) 0
BOTTOM OF THE 8TH
Boston (GCL) Red Sox batting - Pitching for Atlanta (GCL) Braves : LHP Rene van den Nieuwenhuijzen
Pinch Hitting: RHB Carlos Aguilar 0-0: Called Strike
0-1: Ball
1-1: Ball
2-1: Ball
3-1: Foul Ball, location: 2F
3-2: Strikes out swinging
Pitching: RHP Tony Martinez
Pinch Hitting: RHB Dennis Brunell 0-0: Ball
1-0: Swinging Strike
1-1: Foul Ball, location: 3SF
1-2: Foul Ball, location: 5DF
1-2: Ball
2-2: Ball
3-2: Strikes out swinging
Batting: RHB Silvério Lorme 0-0: Ball
1-0: Fly out, F8 (Flyball, 8LM, EV 91.9 MPH)
Bottom of the 8th over - 0 runs, 0 hits, 0 errors, 0 left on base; Atlanta (GCL) 2 - Boston (GCL) 0
TOP OF THE 9TH
Atlanta (GCL) Braves batting - Pitching for Boston (GCL) Red Sox : LHP Juan Lung
Now at 1B: Dennis Brunell
Now at SS: David Salcido
Batting: LHB Dave Acevedo 0-0: Ball
1-0: SINGLE (Groundball, 34D, EV 103.8 MPH)
Pinch Hitting: RHB Jesus Jimenez 0-0: Ball
1-0: Swinging Strike
1-1: Foul Ball, location: 9LSF
1-2: Ball
2-2: Ball
3-2: Strikes out swinging
Pinch Hitting: RHB Rod Medina 0-0: Ball
1-0: Foul Ball, location: 5F
1-1: Ball
2-1: SINGLE (Groundball, 3D, EV 104.4 MPH)
Dave Acevedo to second
Runner from 2nd tries for 3rd, SAFE, throw by RF made to third
Batting: LHB Ramon Aguilar 0-0: Ball
1-0: Ball
2-0: Ball
3-0: Base on Balls
Rod Medina to second
Pitching: RHP Danny Maldonado
Batting: RHB Chris Bjork 0-0: Ball
1-0: Ball
2-0: Ball
3-0: Called Strike
3-1: DOUBLE (Flyball, 89D, EV 102.5 MPH)
Dave Acevedo scores
Rod Medina scores
Ramon Aguilar to third
Batting: LHB Greg Sweeney 0-0: Ball
1-0: Called Strike
1-1: Ball
2-1: Ball
3-1: Foul Ball, location: 3F
3-2: Base on Balls
Batting: RHB Chris Barteck 0-0: Foul Ball, location: 7LSF
0-1: Ball
1-1: Ball
2-1: Foul Ball, location: 3SF
2-2: Foul Ball, location: 2F
2-2: Foul Ball, location: 3DF
2-2: Ball
3-2: Fly out, F2 (Popup, 2LF, EV 94.4 MPH)
Batting: LHB Serguei Eliasberg 0-0: Ball
Wild Pitch!
Ramon Aguilar scores
Chris Bjork to third
Greg Sweeney to second
1-0: Called Strike
1-1: Ball
2-1: Ball
3-1: Ground out 4-3 (Groundball, 4, EV 85.0 MPH)
Top of the 9th over - 3 runs, 3 hits, 0 errors, 2 left on base; Atlanta (GCL) 5 - Boston (GCL) 0
BOTTOM OF THE 9TH
Boston (GCL) Red Sox batting - Pitching for Atlanta (GCL) Braves : RHP Tony Martinez
Now at 1B: Josh Orrick
Now at 3B: Cole Malcom
Pinch Hitting: RHB Jesus Aguilar 0-0: Ball
1-0: Swinging Strike
1-1: Ball
2-1: Ground out 6-3 (Groundball, 6, EV 85.6 MPH)
Batting: RHB Jim Shipman 0-0: Called Strike
0-1: Swinging Strike
0-2: Foul Ball, location: 2F
0-2: Foul Ball, location: 7LMFF
0-2: Strikes out looking
Pinch Hitting: RHB Juan Arana 0-0: Ball
1-0: Ball
2-0: Called Strike
2-1: Fly out, F8 (Line Drive, 8LM, EV 92.5 MPH)
Bottom of the 9th over - 0 runs, 0 hits, 0 errors, 0 left on base; Atlanta (GCL) 5 - Boston (GCL) 0
Sunday, May 12th , 2024 - OOTP Baseball 24.11 Build 85